 Dungeon Sprint DCSS version 0.17-a0-1718-g72dbe4d (webtiles) character file.

11200000 ztt the Axe Maniac (level 27, 0/293 (298) HPs)
             Began as a Deep Dwarf Gladiator on Aug 26, 2015.
             Was the Champion of Makhleb.
             Killed by divine providence
             ... invoked by an observer
              (8 damage)
             ... in the Dungeon (Sprint VIII: "Arena of Blood").
             The game lasted 00:02:14 (112 turns).

ztt the Axe Maniac (Deep Dwarf Gladiator)            Turns: 112, Time: 00:02:14

HP:   0/293 (298)   AC:  8    Str: 32    XL:     27
MP:   44/54         EV: 28    Int:  9    God:    Makhleb [******]
Gold: 0             SH:  0    Dex: 13    Spells: 0 memorised, 80 levels left

rFire  . . .     SeeInvis +     m - +∞ Axe of Woe
rCold  . . .     Clarity  .     b - +0 leather armour
rNeg   + . .     SustAt   .     (no shield)
rPois  .         Gourm    .     c - +0 helmet
rElec  .         Spirit   .     (no cloak)
rCorr  .         Warding  .     (no gloves)
rMut   .         NoTele   +     (no boots)
MR     ++++.                    (no amulet)
Stlth  +++++++++.               (no ring)
                                n - ring of see invisible

@: lethally poisoned (0 -> -126), non-regenerating, diseased, incredibly
resistant to hostile enchantments, incredibly stealthy
A: damage resistance, recharge devices, negative energy resistance 1, sense
surroundings 3, slow healing 3
a: Device Recharging, Minor Destruction, Lesser Servant of Makhleb, Major
Destruction, Greater Servant of Makhleb, Renounce Religion


You were in the Dungeon.
You worshipped Makhleb.
Makhleb was exalted by your worship.
You were not hungry.

You visited 1 branch

Inventory:

Hand weapons
 a - a +0 war axe
 m - the +∞ Axe of Woe (weapon)
   (You found it in the Dungeon)
Missiles
 d - 3 throwing nets (quivered)
Armour
 b - a +0 leather armour (worn)
 c - a +0 helmet (worn)
Jewellery
 n - a ring of see invisible (left hand)
Magical devices
 e - a wand of heal wounds (5)
Scrolls
 l - a scroll of blinking
Potions
 g - a potion of curing
 h - a potion of heal wounds
 i - a potion of haste
 j - 2 potions of magic
 k - a potion of berserk rage
Comestibles
 f - a bread ration


   Skills:
 O Level 27 Fighting
 O Level 27 Axes
 O Level 27 Throwing
 O Level 27 Armour
 O Level 27 Dodging
 O Level 27 Stealth
 O Level 27 Unarmed Combat
 O Level 27 Spellcasting
 O Level 27 Invocations
 O Level 27 Evocations


You had 80 spell levels left.
You didn't know any spells.

Dungeon Overview and Level Annotations

Branches:
Dungeon (1/1)

Altars:
Makhleb


Innate Abilities, Weirdness & Mutations

You are resistant to damage.
You can recharge devices by infusing magical energy.
You resist negative energy.
You passively map a large area around you.
You do not heal naturally.


Message History

Your body is wracked with pain!
* * * LOW HITPOINT WARNING * * *
You hear a shout! x2
An ogre and a small abomination come into view.
You hit the soul eater.
You cleave the soul eater in twain.
You kill the soul eater!
* * * LOW HITPOINT WARNING * * *
You feel very sick.
You hear a shout! x3
The scourge appears out of thin air!
A scourge comes into view.
The scourge throws poison at you. The bolt of poison hits you!
You are more poisoned.
* * * LOW HITPOINT WARNING * * *
The destroyer blinks!
You hear a shout! x2
The observer gazes at you. Something smites you!
You die...

*, ......#.....#.... *, , ,
,,#...x.D)._....... , * ,
§oO....)###....... , , ,,,
xOS###.......###..,, ,, ,
.Go..#.xW)W..#..... , ,
,,,,S....#.2G.o..#.....,,,,
, , ........))............,
, #......))))..S....#... ,
* ...W....@).......#.... ,,
#......V)..)...##.....
*.....#....))..#......#.,,
,, .........).)).#.D.###..
, * ,
,....##.#..S.)))........* ,
.........).)))........, *,
, , # #...W#....)####.....
, ** ,
,............).#...... ,
.......)))..)).....#


You could see a meat beast, an eight-headed meat hydra, a destroyer, 2
observers, 4 scourges, 2 wretched souls, 2 dreads, 2 meat berserkers, a small
abomination and 3 bags of meat.

Vanquished Creatures
  4 hell beasts (D)
  6 greater mummies (D)
  3 great orbs of eyes (D)
  A wraith (D)
  Harold (D)
  5 vampire knights (D)
  22 ogres (D)
  2 liches (D)
  2 hydras (D)
  32 orcs (D)
  3 phantoms (D)
  2 hill giants (D)
  4 skeletal warriors (D)
  3 large abominations (D)
  3 small abominations (D)
  9 crawling corpses (D)
102 creatures vanquished.

Vanquished Creatures (others)
  2 crawling corpses (D)
2 creatures vanquished.

Grand Total: 104 creatures vanquished

Notes
Turn   | Place    | Note
--------------------------------------------------------------
     0 | D        | ztt the Deep Dwarf Gladiator began the quest for the Orb.
     0 | D        | Reached XP level 1. HP: 19/19 MP: 1/1
     3 | D        | Noticed a bag of meat
     4 | D        | Noticed a bag of meat
     4 | D        | Became a worshipper of Makhleb the Destroyer
     6 | D        | Noticed a bag of meat
     7 | D        | Noticed a bag of meat
     8 | D        | Noticed a bag of meat
     8 | D        | Noticed a meat berserker
     8 | D        | Killed a bag of meat
     8 | D        | Reached skill level 12 in Fighting
     8 | D        | Reached skill level 18 in Axes
     8 | D        | Reached XP level 2. HP: 23/46 MP: 2/2
     8 | D        | Reached XP level 3. HP: 27/54 MP: 3/3
     8 | D        | Reached XP level 4. HP: 31/62 MP: 4/4
     8 | D        | Reached XP level 5. HP: 34/69 MP: 5/5
     8 | D        | Reached XP level 6. HP: 38/78 MP: 6/6
     8 | D        | Reached XP level 7. HP: 41/85 MP: 7/7
     8 | D        | Reached XP level 8. HP: 44/93 MP: 8/8
     8 | D        | Gained mutation: You passively map the area around you. [Deep Dwarf growth]
     8 | D        | Reached XP level 9. HP: 47/100 MP: 9/9
     8 | D        | Reached XP level 10. HP: 51/109 MP: 10/10
     8 | D        | Reached XP level 11. HP: 54/116 MP: 11/11
     9 | D        | Noticed a bag of meat
     9 | D        | Killed a bag of meat
     9 | D        | Acquired Makhleb's first power
     9 | D        | Reached skill level 20 in Axes
     9 | D        | Reached skill level 10 in Throwing
     9 | D        | Reached XP level 12. HP: 44/129 MP: 12/12
    10 | D        | Noticed a bag of meat
    10 | D        | Killed a bag of meat
    10 | D        | Reached skill level 22 in Axes
    10 | D        | Reached XP level 13. HP: 102/140 MP: 13/13
    11 | D        | Killed a meat berserker
    11 | D        | Acquired Makhleb's second power
    11 | D        | Reached skill level 25 in Axes
    11 | D        | Gained mutation: You resist negative energy. [Deep Dwarf growth]
    11 | D        | Reached XP level 14. HP: 108/156 MP: 14/14
    11 | D        | Killed a bag of meat
    11 | D        | Reached skill level 26 in Axes
    11 | D        | Reached XP level 15. HP: 148/165 MP: 15/15
    12 | D        | Noticed a meat berserker
    12 | D        | Noticed a bag of meat
    12 | D        | Noticed a bag of meat
    12 | D        | Noticed a bag of meat
    12 | D        | Noticed a bag of meat
    12 | D        | Noticed a bag of meat
    12 | D        | Noticed a bag of meat
    12 | D        | Noticed a meat berserker
    13 | D        | Noticed a bag of meat
    13 | D        | Noticed a meat berserker
    13 | D        | Noticed a bag of meat
    14 | D        | Noticed a large bag of meat
    14 | D        | Killed a bag of meat
    14 | D        | Acquired Makhleb's third power
    14 | D        | Reached skill level 27 in Axes
    14 | D        | Killed a meat berserker
    14 | D        | Reached skill level 15 in Throwing
    14 | D        | Reached skill level 27 in Dodging
    14 | D        | Reached XP level 16. HP: 176/188 MP: 16/16
    15 | D        | Noticed a meat berserker
    15 | D        | Noticed a bag of meat
    17 | D        | Noticed a bag of meat
    17 | D        | Noticed a bag of meat
    17 | D        | Noticed a meat berserker
    18 | D        | Noticed a bag of meat
    18 | D        | Killed a bag of meat
    18 | D        | Killed a bag of meat
    18 | D        | Acquired Makhleb's fourth power
    18 | D        | Reached skill level 5 in Armour
    18 | D        | Killed a bag of meat
    18 | D        | Reached skill level 27 in Fighting
    18 | D        | Reached XP level 17. HP: 206/208 MP: 17/17
    18 | D        | Killed a bag of meat
    18 | D        | Reached skill level 10 in Armour
    19 | D        | Killed a meat berserker
    19 | D        | Acquired Makhleb's fifth power
    19 | D        | Killed a bag of meat
    19 | D        | Reached skill level 27 in Throwing
    19 | D        | Gained mutation: You passively map a large area around you. [Deep Dwarf growth]
    19 | D        | Reached XP level 18. HP: 218/218 MP: 18/18
    19 | D        | Killed a bag of meat
    19 | D        | Killed a bag of meat
    20 | D        | Noticed a bag of meat
    21 | D        | Noticed a meat berserker
    21 | D        | Killed a meat berserker
    21 | D        | Reached skill level 27 in Armour
    21 | D        | Reached XP level 19. HP: 226/226 MP: 19/19
    21 | D        | Killed a bag of meat
    21 | D        | Reached skill level 5 in Spellcasting
    21 | D        | Killed a bag of meat
    22 | D        | Killed a meat berserker
    22 | D        | Killed a bag of meat
    22 | D        | Killed a large bag of meat
    22 | D        | Reached XP level 20. HP: 236/236 MP: 19/37
    22 | D        | Killed a bag of meat
    22 | D        | Reached skill level 15 in Unarmed Combat
    22 | D        | Killed a bag of meat
    23 | D        | Noticed a destroyer
    23 | D        | Noticed a large bag of meat
    24 | D        | Noticed a bag of meat
    24 | D        | Noticed a bag of meat
    24 | D        | Noticed a bag of meat
    24 | D        | Killed a meat berserker
    24 | D        | Killed a bag of meat
    25 | D        | Killed a bag of meat
    25 | D        | Reached XP level 21. HP: 244/244 MP: 19/42
    25 | D        | Killed a meat berserker
    25 | D        | Killed a bag of meat
    25 | D        | Reached skill level 27 in Stealth
    25 | D        | Reached skill level 27 in Invocations
    25 | D        | Reached skill level 27 in Evocations
    26 | D        | Noticed a bag of meat
    27 | D        | Killed a large bag of meat
    27 | D        | Killed a destroyer
    27 | D        | Reached XP level 22. HP: 254/254 MP: 20/49
    29 | D        | Killed a bag of meat
    29 | D        | Killed a bag of meat
    29 | D        | Reached skill level 27 in Unarmed Combat
    29 | D        | Killed a bag of meat
    29 | D        | Reached skill level 27 in Spellcasting
    30 | D        | Noticed a bag of meat
    30 | D        | Noticed a bag of meat
    30 | D        | Noticed a bag of meat
    31 | D        | Noticed The Servant
    31 | D        | Noticed a sculptor of flesh
    31 | D        | Noticed a meat berserker
    33 | D        | Noticed a bag of meat
    34 | D        | Killed The Servant
    35 | D        | Killed a meat berserker
    35 | D        | Reached XP level 23. HP: 262/262 MP: 22/54
    36 | D        | Noticed a destroyer
    36 | D        | Noticed a sculptor of flesh
    38 | D        | Noticed a sculptor of flesh
    39 | D        | Killed a sculptor of flesh
    39 | D        | Killed a bag of meat
    40 | D        | Killed a bag of meat
    41 | D        | Noticed a destroyer
    41 | D        | Killed a bag of meat
    42 | D        | Killed a destroyer
    42 | D        | Reached XP level 24. HP: 272/272 MP: 24/54
    42 | D        | Killed a bag of meat
    44 | D        | Killed a bag of meat
    44 | D        | Killed a destroyer
    47 | D        | Killed a sculptor of flesh
    48 | D        | Noticed a meat berserker
    49 | D        | Noticed a destroyer
    49 | D        | Noticed a meat berserker
    50 | D        | Noticed a bag of meat
    51 | D        | Noticed a sculptor of flesh
    52 | D        | Killed a meat berserker
    53 | D        | Noticed a bag of meat
    55 | D        | Noticed a bag of meat
    56 | D        | Killed a meat berserker
    56 | D        | Reached XP level 25. HP: 280/280 MP: 28/54
    56 | D        | Killed a destroyer
    58 | D        | Noticed an accursed
    58 | D        | Killed a bag of meat
    58 | D        | Killed a sculptor of flesh
    60 | D        | Noticed a meat berserker
    61 | D        | Noticed an accursed
    61 | D        | Noticed a meat berserker
    61 | D        | Noticed an accursed
    62 | D        | Noticed a meat berserker
    62 | D        | Noticed a dread
    62 | D        | Killed a meat berserker
    64 | D        | Noticed a meat beast
    65 | D        | Noticed a tyrant
    65 | D        | Killed an accursed
    65 | D        | Reached XP level 26. HP: 290/290 MP: 31/54
    66 | D        | Killed a bag of meat
    67 | D        | Killed a meat berserker
    67 | D        | Killed a bag of meat
    68 | D        | Noticed a bag of meat
    68 | D        | Noticed a meat berserker
    68 | D        | Killed a meat beast
    68 | D        | Reached XP level 27. HP: 236/298 MP: 32/54
    70 | D        | Noticed a meat berserker
    70 | D        | Killed a meat berserker
    70 | D        | Killed an accursed
    71 | D        | Noticed a meat beast
    71 | D        | Noticed a meat berserker
    71 | D        | Killed a dread
    72 | D        | Killed an accursed
    73 | D        | Noticed a meat berserker
    73 | D        | Killed a meat berserker
    75 | D        | Killed a bag of meat
    75 | D        | Killed a meat berserker
    75 | D        | Killed a meat beast
    77 | D        | Killed a meat berserker
    77 | D        | Killed a meat berserker
    77 | D        | Killed a tyrant
    81 | D        | Noticed a meat berserker
    82 | D        | Noticed a meat beast
    82 | D        | Noticed a meat beast
    82 | D        | Noticed a sculptor of flesh
    83 | D        | Noticed a wretched soul
    84 | D        | Killed a meat berserker
    86 | D        | Killed a meat beast
    88 | D        | Noticed a wretched soul
    88 | D        | Noticed a wretched soul
    88 | D        | Killed a wretched soul
    90 | D        | Noticed a meat berserker
    90 | D        | Noticed an observer
    90 | D        | Killed a wretched soul
    94 | D        | Noticed a meat berserker
    94 | D        | Noticed an observer
    94 | D        | Killed a meat berserker
    94 | D        | Killed an observer
    95 | D        | Killed a wretched soul
    95 | D        | Killed a sculptor of flesh
    97 | D        | Killed an observer
    98 | D        | Noticed an accursed
    98 | D        | Noticed an accursed
    99 | D        | Killed a meat berserker
    99 | D        | Killed an accursed
   101 | D        | Noticed a large bag of meat
   101 | D        | Noticed a destroyer
   103 | D        | Noticed an observer
   104 | D        | Noticed a meat berserker
   104 | D        | Noticed a meat berserker
   105 | D        | Noticed a tyrant
   105 | D        | Noticed an accursed
   105 | D        | Killed an accursed
   106 | D        | Noticed a wretched soul
   107 | D        | Noticed a bag of meat
   107 | D        | Noticed a wretched soul
   107 | D        | Noticed an observer
   107 | D        | Killed a destroyer
   107 | D        | Killed a meat berserker
   108 | D        | Noticed a meat beast
   108 | D        | Killed a meat berserker
   108 | D        | Killed an observer
   109 | D        | Noticed a bag of meat
   110 | D        | Noticed a bag of meat
   110 | D        | Noticed a bag of meat
   110 | D        | Noticed an observer
   110 | D        | Noticed a dread
   110 | D        | Noticed a dread
   110 | D        | Killed a meat beast
   111 | D        | Noticed a destroyer
   111 | D        | Noticed a meat berserker
   111 | D        | Killed a tyrant
   111 | D        | Killed an accursed
   112 | D        | Noticed a meat berserker
   112 | D        | HP: 8/293 [scourge/bolt of poison (32)]
   112 | D        | Killed from afar by an observer

Vault maps used:
D:        meatsprint

Action                   |  1- 3 |  4- 6 |  7- 9 | 10-12 | 13-15 | 16-18 | 19-21 | 22-24 | 25-27 || total
-------------------------+-------+-------+-------+-------+-------+-------+-------+-------+-------++-------
Melee: Executioner's axe |     1 |       |       |     2 |     2 |     3 |     4 |    13 |    32 ||    57
